PA
WALLA WALLA WALLEYE @ WASHINGTON GENERALS
08/20/2030
 
TOP OF THE 1ST
Walla Walla Walleye batting - Pitching for Washington Generals : RHP Robert Acker
Pitching: RHP Robert Acker
Batting: SHB Raúl Mateo 0-0: Swinging Strike
0-1: Swinging Strike
0-2: Ground out 4-3 (Groundball, 4)
Pitching: RHP Mario Villalobos
Batting: RHB Jimmy Fick 0-0: Ball
1-0: Ball
2-0: Ball
3-0: Base on Balls
Batting: LHB Vicente Gonzáles 0-0: Ball
1-0: Fly out, F7 (Flyball, 78S)
Batting: RHB José de la Cavallería 0-0: Called Strike
0-1: Ball
1-1: DOUBLE (Flyball, 8RXD)
Jimmy Fick to third
Batting: RHB Ángelo Delgado 0-0: Foul Ball, location: 2F
0-1: Called Strike
0-2: Ball
1-2: Ball
2-2: Ball
3-2: Strikes out swinging
Top of the 1st over - 0 runs, 1 hit, 0 errors, 2 left on base; Walla Walla 0 - Washington 0
BOTTOM OF THE 1ST
Washington Generals batting - Pitching for Walla Walla Walleye : RHP Melchor Morse
Pitching: RHP Melchor Morse
Batting: RHB Alejandro Aquilera 0-0: Ball
1-0: Called Strike
1-1: Called Strike
1-2: Foul Ball, location: 2F
1-2: Ball
2-2: TRIPLE (Line Drive, 89XD)
Batting: RHB Mike Case 0-0: Ball
1-0: Foul Ball, location: 2F
1-1: Ball
2-1: Called Strike
2-2: Ground out 6-3 (Groundball, 6)
Alejandro Aquilera scores
Batting: RHB Josh Mawdesley 0-0: Called Strike
0-1: Foul Ball, location: 2F
0-2: Ground out 6-3 (Groundball, 6)
Batting: RHB Daryl Yandell 0-0: Ball
1-0: Ball
2-0: Fly out, F4 (Popup, 23)
Bottom of the 1st over - 1 run, 1 hit, 0 errors, 0 left on base; Walla Walla 0 - Washington 1
TOP OF THE 2ND
Walla Walla Walleye batting - Pitching for Washington Generals : RHP Mario Villalobos
Batting: RHB Joe Ferguson 0-0: Swinging Strike
0-1: Foul Ball, location: 2F
0-2: Strikes out swinging
Batting: LHB Kanko Umaba 0-0: Called Strike
0-1: Ball
1-1: Foul Ball, location: 2F
1-2: Ball
2-2: Ball
3-2: Foul Ball, location: 2F
3-2: Reached on error, E2 (Groundball, 2L)
Batting: RHB Rubén Medina 0-0: Ground out 5-3 (Groundball, 56)
Batting: LHB Andrés Rodríguez 0-0: Ball
1-0: Foul Ball, location: 2F
1-1: Foul Ball, location: 2F
1-2: DOUBLE (Line Drive, 9LM)
Kanko Umaba scores
Batting: SHB Raúl Mateo 0-0: Foul Ball, location: 2F
0-1: Called Strike
0-2: Ball
1-2: Foul Ball, location: 2F
1-2: Ball
2-2: Fly out, F8 (Line Drive, 8RM)
Top of the 2nd over - 1 run, 1 hit, 1 error, 1 left on base; Walla Walla 1 - Washington 1
BOTTOM OF THE 2ND
Washington Generals batting - Pitching for Walla Walla Walleye : RHP Melchor Morse
Batting: RHB Júlio Rodríguez 0-0: Ball
1-0: Swinging Strike
1-1: Foul Ball, location: 2F
1-2: Ball
2-2: SINGLE (Groundball, 56) (infield hit)
Batting: RHB Alan Patterson 0-0: Called Strike
0-1: Ball
Júlio Rodríguez steals 2nd base
1-1: Ball
2-1: Ball
3-1: Foul Ball, location: 2F
3-2: Foul Ball, location: 2F
3-2: Base on Balls
Batting: RHB Dan Vanblarcom 0-0: Ball
1-0: SINGLE (Line Drive, 89S)
Júlio Rodríguez to third
Alan Patterson to second
Runner from 3rd tries for Home, SAFE, no throw
Batting: RHB Gerardo Herváz 0-0: Ball
1-0: Ball
Alan Patterson steals 3rd base
2-0: Swinging Strike
2-1: Ball
3-1: Fly out, F8 (Flyball, 8LD)
Runner from 3rd tags up, SCORES, no throw
Batting: RHB Robin Colwill 0-0: Called Strike
0-1: Ball
1-1: Ball
2-1: Foul Ball, location: 2F
2-2: Fly out, F5 (Line Drive, 56)
Batting: RHB Alejandro Aquilera 0-0: Called Strike
0-1: Foul Ball, location: 2F
0-2: Ball
1-2: Strikes out looking
Bottom of the 2nd over - 2 runs, 2 hits, 0 errors, 1 left on base; Walla Walla 1 - Washington 3
TOP OF THE 3RD
Walla Walla Walleye batting - Pitching for Washington Generals : RHP Mario Villalobos
Batting: RHB Jimmy Fick 0-0: Ball
1-0: Foul Ball, location: 2F
1-1: Ball
2-1: Ball
3-1: Base on Balls
Batting: LHB Vicente Gonzáles 0-0: Swinging Strike
0-1: Called Strike
0-2: Strikes out swinging
Batting: RHB José de la Cavallería 0-0: Ball
1-0: Called Strike
1-1: Ball
2-1: Called Strike
2-2: Foul Ball, location: 2F
2-2: SINGLE (Line Drive, 89S)
Jimmy Fick to second
Batting: RHB Ángelo Delgado 0-0: Ball
1-0: Called Strike
1-1: Ball
Jimmy Fick steals 3rd base
José de la Cavallería to second
2-1: Called Strike
2-2: Strikes out swinging
Batting: RHB Joe Ferguson 0-0: Called Strike
0-1: TRIPLE (Flyball, 9D)
Jimmy Fick scores
José de la Cavallería scores
Batting: LHB Kanko Umaba 0-0: Called Strike
0-1: Swinging Strike
0-2: Ball
1-2: Foul Ball, location: 2F
1-2: Fly out, F3 (Line Drive, 3)
Top of the 3rd over - 2 runs, 2 hits, 0 errors, 1 left on base; Walla Walla 3 - Washington 3
BOTTOM OF THE 3RD
Washington Generals batting - Pitching for Walla Walla Walleye : RHP Melchor Morse
Batting: RHB Mike Case 0-0: Called Strike
0-1: Called Strike
0-2: Strikes out swinging
Batting: RHB Josh Mawdesley 0-0: Ball
1-0: Ball
2-0: Ball
3-0: Base on Balls
Batting: RHB Daryl Yandell 0-0: Called Strike
0-1: Called Strike
Josh Mawdesley steals 2nd base
0-2: Ball
1-2: Ball
2-2: DOUBLE (Line Drive, 8RXD)
Josh Mawdesley scores
Batting: RHB Júlio Rodríguez 0-0: Foul Ball, location: 2F
0-1: Ball
1-1: Called Strike
1-2: Ball
2-2: Ball
3-2: Foul Ball, location: 2F
3-2: Foul Ball, location: 2F
3-2: Base on Balls
Batting: RHB Alan Patterson 0-0: DOUBLE (Line Drive, 78M)
Daryl Yandell scores
Júlio Rodríguez to third
Batting: RHB Dan Vanblarcom 0-0: Foul Ball, location: 2F
0-1: Ball
1-1: Ball
2-1: Called Strike
2-2: Foul Ball, location: 2F
2-2: Fly out, F7 (Flyball, 7S)
Batting: RHB Gerardo Herváz 0-0: Called Strike
0-1: DOUBLE (Line Drive, 9D)
Júlio Rodríguez scores
Alan Patterson scores
Pitching: RHP Peer Akerboom
Batting: RHB Robin Colwill 0-0: Foul Ball, location: 2F
0-1: Foul Ball, location: 2F
0-2: Strikes out looking
Bottom of the 3rd over - 4 runs, 3 hits, 0 errors, 1 left on base; Walla Walla 3 - Washington 7
TOP OF THE 4TH
Walla Walla Walleye batting - Pitching for Washington Generals : RHP Mario Villalobos
Batting: RHB Rubén Medina 0-0: Ball
1-0: Called Strike
1-1: Called Strike
1-2: Ball
2-2: Ball
3-2: Foul Ball, location: 2F
3-2: Strikes out swinging, 2-3 out at first.
Pitching: RHP Tariq Mtembei
Batting: LHB Andrés Rodríguez 0-0: Reached on error, E6 (Groundball, 6MS)
Batting: SHB Raúl Mateo 0-0: Called Strike
0-1: Swinging Strike
0-2: Ball
1-2: Ground out 4-3 (Groundball, 34)
Andrés Rodríguez to second
Batting: RHB Jimmy Fick 0-0: Ball
1-0: DOUBLE (Line Drive, 9LD)
Andrés Rodríguez scores
Batting: LHB Vicente Gonzáles 0-0: Ball
1-0: Fly out, F9 (Flyball, 9)
Top of the 4th over - 1 run, 1 hit, 1 error, 1 left on base; Walla Walla 4 - Washington 7
BOTTOM OF THE 4TH
Washington Generals batting - Pitching for Walla Walla Walleye : RHP Peer Akerboom
Batting: RHB Alejandro Aquilera 0-0: Ball
1-0: Ball
2-0: Ground out 6-3 (Groundball, 6)
Batting: RHB Mike Case 0-0: Called Strike
0-1: Bunted foul
0-2: Fly out, F8 (Flyball, 78D)
Batting: RHB Josh Mawdesley 0-0: Called Strike
0-1: Foul Ball, location: 2F
0-2: Ball
1-2: SINGLE (Line Drive, 8LS)
Batting: RHB Daryl Yandell 0-0: Ball
1-0: Ball
2-0: Called Strike
2-1: Ball
3-1: Fly out, F9 (Flyball, 89D)
Bottom of the 4th over - 0 runs, 1 hit, 0 errors, 1 left on base; Walla Walla 4 - Washington 7
TOP OF THE 5TH
Walla Walla Walleye batting - Pitching for Washington Generals : RHP Tariq Mtembei
Batting: RHB José de la Cavallería 0-0: Ball
1-0: Ball
2-0: Swinging Strike
2-1: Ball
3-1: Foul Ball, location: 2F
3-2: Strikes out swinging, 2-3 out at first.
Batting: RHB Ángelo Delgado 0-0: Called Strike
0-1: Foul Ball, location: 2F
0-2: Foul Ball, location: 2F
0-2: Ball
1-2: Foul Ball, location: 2F
1-2: Ball
2-2: DOUBLE (Groundball, 5L)
Batting: RHB Joe Ferguson 0-0: Fly out, F6 (Line Drive, 6)
Batting: LHB Kanko Umaba 0-0: Fly out, F6 (Popup, 6M)
Top of the 5th over - 0 runs, 1 hit, 0 errors, 1 left on base; Walla Walla 4 - Washington 7
BOTTOM OF THE 5TH
Washington Generals batting - Pitching for Walla Walla Walleye : RHP Peer Akerboom
Batting: RHB Júlio Rodríguez 0-0: Ball
1-0: Ball
2-0: Ball
3-0: Called Strike
3-1: Called Strike
3-2: Base on Balls
Batting: RHB Alan Patterson 0-0: Sac Bunt - play at first, batter safe!
Júlio Rodríguez to second
Batting: RHB Dan Vanblarcom 0-0: Swinging Strike
0-1: Swinging Strike
0-2: Foul Ball, location: 2F
0-2: Ball
1-2: Foul Ball, location: 2F
1-2: Ball
2-2: Strikes out looking
Batting: RHB Gerardo Herváz 0-0: DOUBLE (Line Drive, 7LM)
Júlio Rodríguez scores
Alan Patterson to third
Runner from 3rd tries for Home, SAFE, no throw
Batting: RHB Robin Colwill 0-0: Called Strike
0-1: Swinging Strike
0-2: Ball
1-2: Ball
2-2: Ball
3-2: Strikes out looking
Batting: RHB Alejandro Aquilera 0-0: Called Strike
0-1: Foul Ball, location: 2F
0-2: Foul Ball, location: 2F
0-2: Ball
1-2: Strikes out swinging
Bottom of the 5th over - 2 runs, 2 hits, 0 errors, 1 left on base; Walla Walla 4 - Washington 9
TOP OF THE 6TH
Walla Walla Walleye batting - Pitching for Washington Generals : RHP Tariq Mtembei
Batting: RHB Rubén Medina 0-0: Ball
1-0: Ball
2-0: Fly out, F8 (Flyball, 8LM)
Batting: LHB Andrés Rodríguez 0-0: Ball
1-0: SINGLE (Line Drive, 4M)
Batting: SHB Raúl Mateo 0-0: Ball
1-0: Called Strike
1-1: Called Strike
1-2: Foul Ball, location: 2F
1-2: Ball
2-2: Strikes out looking
Batting: RHB Jimmy Fick 0-0: Ball
1-0: Hit by Pitch
Andrés Rodríguez to second
Batting: LHB Vicente Gonzáles 0-0: Ball
1-0: Ball
2-0: Ball
3-0: Base on Balls
Andrés Rodríguez to third
Jimmy Fick to second
Batting: RHB José de la Cavallería 0-0: Ball
1-0: Ball
2-0: SINGLE (Flyball, 9LS)
Andrés Rodríguez scores
Jimmy Fick to third
Vicente Gonzáles to second
Runner from 3rd tries for Home, SAFE, no throw
Batting: RHB Ángelo Delgado 0-0: Foul Ball, location: 2F
0-1: Called Strike
0-2: Foul Ball, location: 2F
0-2: Ball
1-2: DOUBLE (Line Drive, 7LM)
Vicente Gonzáles scores
José de la Cavallería to third
Runner from 3rd tries for Home, SAFE, no throw
Pitching: RHP Orlando Peralta
Batting: RHB Joe Ferguson 0-0: Swinging Strike
0-1: Ground out 6-3 (Groundball, 6)
Top of the 6th over - 4 runs, 3 hits, 0 errors, 1 left on base; Walla Walla 8 - Washington 9
BOTTOM OF THE 6TH
Washington Generals batting - Pitching for Walla Walla Walleye : RHP Peer Akerboom
Batting: RHB Mike Case 0-0: Called Strike
0-1: Bunt missed!
0-2: Strikes out swinging
Batting: RHB Josh Mawdesley 0-0: Ball
1-0: Ground out 6-3 (Groundball, 6)
Batting: RHB Daryl Yandell 0-0: Ball
1-0: Ball
2-0: Foul Ball, location: 2F
2-1: SINGLE (Groundball, 56D)
Batting: RHB Júlio Rodríguez 0-0: Foul Ball, location: 2F
0-1: Ball
1-1: Ball
2-1: Swinging Strike
2-2: Hit by Pitch
Daryl Yandell to second
Pitching: LHP Quan Shiu
Batting: RHB Alan Patterson 0-0: Ball
1-0: Ball
2-0: Ball
3-0: Called Strike
3-1: Called Strike
3-2: Strikes out swinging
Bottom of the 6th over - 0 runs, 1 hit, 0 errors, 2 left on base; Walla Walla 8 - Washington 9
TOP OF THE 7TH
Walla Walla Walleye batting - Pitching for Washington Generals : RHP Orlando Peralta
Batting: LHB Kanko Umaba 0-0: Fly out, F8 (Line Drive, 78D)
Batting: RHB Rubén Medina 0-0: Ball
1-0: Ball
2-0: Ball
3-0: Base on Balls
Batting: LHB Andrés Rodríguez 0-0: Foul Ball, location: 2F
0-1: Ball
1-1: Foul Ball, location: 2F
1-2: Foul Ball, location: 2F
1-2: Ball
2-2: Ball
3-2: DOUBLE (Line Drive, 78D)
Rubén Medina to third
Batting: SHB Raúl Mateo 0-0: Called Strike
0-1: Swinging Strike
0-2: Foul Ball, location: 2F
0-2: Ball
1-2: Ball
2-2: Foul Ball, location: 2F
2-2: Strikes out looking
Batting: RHB Jimmy Fick 0-0: Called Strike
0-1: Fly out, F1 (Line Drive, 13)
Top of the 7th over - 0 runs, 1 hit, 0 errors, 2 left on base; Walla Walla 8 - Washington 9
BOTTOM OF THE 7TH
Washington Generals batting - Pitching for Walla Walla Walleye : LHP Quan Shiu
Batting: RHB Dan Vanblarcom 0-0: Ball
1-0: Foul Ball, location: 2F
1-1: Fly out, F8 (Flyball, 8RD)
Batting: RHB Gerardo Herváz 0-0: Ball
1-0: Called Strike
1-1: Foul Ball, location: 2F
1-2: Ball
2-2: Ball
3-2: Ground out 6-3 (Groundball, 6)
Batting: RHB Robin Colwill 0-0: Swinging Strike
0-1: Swinging Strike
0-2: Ball
1-2: Strikes out swinging
Bottom of the 7th over - 0 runs, 0 hits, 0 errors, 0 left on base; Walla Walla 8 - Washington 9
TOP OF THE 8TH
Walla Walla Walleye batting - Pitching for Washington Generals : RHP Orlando Peralta
Now at 1B: Keizo Morishita
Batting: LHB Vicente Gonzáles 0-0: Called Strike
0-1: Called Strike
0-2: Ball
1-2: DOUBLE (Line Drive, 89XD)
Batting: RHB José de la Cavallería 0-0: Called Strike
0-1: Ball
1-1: Foul Ball, location: 2F
1-2: Foul Ball, location: 2F
1-2: Ball
2-2: Ball
3-2: Fly out, F4 (Popup, 4D)
Batting: RHB Ángelo Delgado 0-0: Ball
1-0: Called Strike
1-1: Ball
2-1: Fly out, F9 (Flyball, 9S)
Batting: RHB Joe Ferguson 0-0: Ground out 1-3 (Groundball, 15)
Top of the 8th over - 0 runs, 1 hit, 0 errors, 1 left on base; Walla Walla 8 - Washington 9
BOTTOM OF THE 8TH
Washington Generals batting - Pitching for Walla Walla Walleye : LHP Quan Shiu
Batting: RHB Alejandro Aquilera 0-0: Swinging Strike
0-1: Swinging Strike
0-2: Ball
1-2: Ball
2-2: Strikes out swinging
Batting: RHB Mike Case 0-0: Ball
1-0: SINGLE (Line Drive, 34D)
Batting: RHB Josh Mawdesley 0-0: Called Strike
0-1: Foul Ball, location: 2F
0-2: Foul Ball, location: 2F
0-2: Fly out, F5 (Popup, 5)
Batting: RHB Daryl Yandell 0-0: Called Strike
0-1: Swinging Strike
0-2: Ball
1-2: Ground out 4-3 (Groundball, 4)
Bottom of the 8th over - 0 runs, 1 hit, 0 errors, 1 left on base; Walla Walla 8 - Washington 9
TOP OF THE 9TH
Walla Walla Walleye batting - Pitching for Washington Generals : RHP Orlando Peralta
Now at C: Bartolo Ramos
Batting: LHB Kanko Umaba 0-0: Foul Ball, location: 2F
0-1: Called Strike
0-2: Ball
1-2: Strikes out swinging
Batting: RHB Rubén Medina 0-0: Ball
1-0: Ball
2-0: Swinging Strike
2-1: Ball
3-1: Swinging Strike
3-2: SINGLE (Groundball, 4MD)
Batting: LHB Andrés Rodríguez 0-0: Foul Ball, location: 2F
0-1: Foul Ball, location: 2F
0-2: Ball
1-2: SINGLE (Line Drive, 78M)
Rubén Medina to second
Batting: SHB Raúl Mateo 0-0: Fly out, F9 (Flyball, 9S)
Batting: RHB Jimmy Fick 0-0: Ball
1-0: Called Strike
1-1: Ball
2-1: Called Strike
2-2: Ground out 5-3 (Groundball, 56S)
Top of the 9th over - 0 runs, 2 hits, 0 errors, 2 left on base; Walla Walla 8 - Washington 9
Sunday, March 18th, 2018 - OOTP Baseball 18.8 Build 76